 Dungeon Crawl Stone Soup version 0.28.0-49-g6dfe1f597d (webtiles) character file.

Game seed: 12949172718614414696

99 Peloso the Shield-Bearer (level 4, 0/40 HPs)
             Began as a Minotaur Fighter on May 11, 2022.
             Slain by an adder (1 damage)
             ... on level 2 of the Dungeon.
             The game lasted 00:02:02 (1612 turns).

Peloso the Shield-Bearer (Minotaur Fighter)         Turns: 1612, Time: 00:02:02

Health: 0/40       AC:  9    Str: 21    XL:     4   Next: 45%
Magic:  3/3        EV:  7    Int:  5    God:
Gold:   45         SH:  5    Dex: 11    Spells: 3/3 levels left

rFire   . . .      SeeInvis .   a - +0 long sword
rCold   . . .      Faith    .   c - +0 buckler
rNeg    . . .      Spirit   .   h - +0 chain mail
rPois   .          Reflect  .   (helmet restricted)
rElec   .          Harm     .   (no cloak)
rCorr   .          Rampage  .   (no gloves)
Will    .....                   (no boots)
Stlth   ..........              (no amulet)
HPRegen 0.13/turn               (no ring)
MPRegen 0.08/turn               (no ring)

@: lethally poisoned (0 -> -1), slowed, very slow
A: horns 2, retaliatory headbutt
a: no special abilities


You were on level 2 of the Dungeon.
You visited 1 branch of the dungeon, and saw 2 of its levels.

You collected 45 gold pieces.

Inventory:

Hand Weapons
 a - a +0 long sword (weapon)
Armour
 b - a +0 scale mail
 c - a +0 buckler (worn)
 h - a +0 chain mail (worn)
Scrolls
 e - a scroll of magic mapping
 f - a scroll of identify
 g - 2 scrolls of immolation
Potions
 d - 2 potions of might
 i - a potion of brilliance {unknown}


   Skills:
 + Level 4.2 Fighting
 + Level 3.1 Long Blades
 + Level 4.6 Armour
 + Level 0.5 Dodging
 + Level 0.1 Stealth
 + Level 4.7 Shields


You had 3 spell levels left.
You didn't know any spells.
Your spell library was empty.

Dungeon Overview and Level Annotations

Branches:
Dungeon (2/15)

Altars:

Annotations:
D:2 Natasha, Sigmund


Innate Abilities, Weirdness & Mutations

You have a pair of horns on your head.
You reflexively headbutt those who attack you in melee.


Message History

You are poisoned.
The adder poisons you! The adder bites you. You block Natasha's attack.
The adder bites you but does no damage.
You miss the adder.
The adder is almost dead.
You feel very sick. The adder bites you but does no damage.
The adder closely misses you.
Natasha mumbles some strange words.
The adder bites you but does no damage. The adder bites you.
Natasha mewls in sadness.
Natasha stares at you and mumbles some strange words.
You resist with some effort. The adder barely misses you.
You barely miss the adder.
The adder is almost dead.
You feel sick. The adder bites you but does no damage. The adder bites you.
You are more poisoned.
The adder poisons you! The adder barely misses you. Natasha barely misses you.
The shadow imp hits you but does no damage.
The adder barely misses you. x2
Natasha mumbles some strange words.
The shadow imp barely misses you.
You barely miss the adder.
The adder is almost dead.
You feel very sick. The adder bites you but does no damage.
The adder completely misses you. The adder closely misses you.
You block Natasha's attack. The adder bites you but does no damage.
The shadow imp hits you but does no damage.
The crimson imp lashes its tail.
The adder bites you but does no damage. Natasha claws you.
* * * LOW HITPOINT WARNING * * *
The adder bites you but does no damage. You block the shadow imp's attack.
* * * LOW HITPOINT WARNING * * *
You feel sick. You block the adder's attack.
Natasha mumbles some strange words.
* * * LOW HITPOINT WARNING * * *
You feel sick.
* * * LOW HITPOINT WARNING * * *
You feel sick. The adder bites you.
You die...

#.# .######.###
#.# ...[.......
#.# ..#####.###
#######.#
#........
........#
#.###)###
@.#..#.†# #.....#
# #. #..# #######
# # #..### #
#.@S.# # #..#.55.#
# #....Sh.### #
#.......5.# # .#
..............# #
.#
..........#.##.###
.# ..........#..
#.. .#
...###..#.#### #.#
##### .# ..
......######.#
#....


You could see Natasha, a crimson imp (summoned), 2 adders, a white imp
(summoned) and a shadow imp (summoned).

Vanquished Creatures
  Terence (D:2)
  Natasha (D:2)
  2 adders (D:2)
  A dart slug (D:2)
  5 bats
  An endoplasm (D:2)
  A giant cockroach (D:1)
  6 goblins (D:1)
  2 hobgoblins
  4 ball pythons
  3 kobolds
  2 rats
29 creatures vanquished.

Notes
Turn   | Place    | Note
-------+----------+-------------------------------------------
     0 | D:1      | Peloso the Minotaur Fighter began the quest for the Orb.
     0 | D:1      | Reached XP level 1. HP: 19/19 MP: 0/0
   271 | D:1      | Reached XP level 2. HP: 25/27 MP: 1/1
  1171 | D:2      | Noticed Natasha
  1176 | D:2      | Killed Natasha
  1177 | D:2      | Reached XP level 3. HP: 33/33 MP: 2/2
  1390 | D:2      | Noticed Terence
  1400 | D:2      | Killed Terence
  1401 | D:2      | Reached XP level 4. HP: 29/40 MP: 3/3
  1585 | D:2      | Noticed Sigmund
  1603 | D:2      | Noticed Natasha
  1611 | D:2      | HP: 2/40 [poisoned by an adder]
  1612 | D:2      | Slain by an adder

Illustrated notes

Levels and vault maps discovered:
D:1:      mrwooster_arrival_statue_3, layout_basic
D:2:      layout_basic, minmay_liquid_box, nicolae_underground_beach,
          uniq_sigmund, uniq_terence, uniq_natasha

Skill      XL: |  1  2  3  4 |
---------------+-------------+-----
Armour         | 4 |  4.6
Shields        | 4 |  4.7
Fighting       | 4 |  4.2
Long Blades    | 3 |  3.1
Dodging        | |  0.5
Stealth        | |  0.1

Action                   |  1- 3 |  4- 6 || total
-------------------------+-------+-------++-------
Melee: Long sword        |    63 |    30 ||    93
       Headbutt          |     9 |     2 ||    11
  Use: Scroll            |     2 |     1 ||     3
Armor: Scale mail        |    34 |       ||    34
       Chain mail        |       |    27 ||    27
Dodge: Dodged            |    33 |    17 ||    50
Block: Buckler           |    16 |    15 ||    31
